 Dungeon Crawl Stone Soup version 0.19.4-9-g45fd643 (webtiles) character file.

5446 Magnus the Fighter (level 10, -1/82 HPs)
             Began as a Demonspawn Fighter on Feb 20, 2017.
             Was a Believer of Makhleb.
             Slain by a hornet (5 damage)
             ... on level 8 of the Dungeon.
             The game lasted 00:43:25 (9648 turns).

Magnus the Fighter (Demonspawn Fighter)             Turns: 9648, Time: 00:43:26

Health: -1/82      AC: 15    Str: 17    XL:     10   Next: 41%
Magic:  0/10       EV:  9    Int: 10    God:    Makhleb [**....]
Gold:   284        SH: 14    Dex: 17    Spells: 0 memorised, 9 levels left

rFire  . . .     SeeInvis .     a - +2 long sword
rCold  . . .     Gourm    .     b - +0 scale mail
rNeg   . . .     Faith    .     c - +3 shield
rPois  .         Spirit   +     (no helmet)
rElec  .         Reflect  .     n - +2 cloak
rCorr  +         Harm     .     (no gloves)
MR     .....                    (no boots)
Stlth  ..........               l - amulet of guardian spirit
                                F - +2 ring of dexterity
                                y - +1 ring of evasion

@: very slightly contaminated, hasted and slowed
A: talons 1, yellow scales 3, demonic guardian 1
a: Minor Destruction, Renounce Religion


You were on level 8 of the Dungeon.
You worshipped Makhleb.
Makhleb was pleased with you.
You were not hungry.

You visited 2 branches of the dungeon, and saw 10 of its levels.
You visited the Abyss 1 time.

You collected 464 gold pieces.
You spent 180 gold pieces at shops.

Inventory:

Hand Weapons
 a - a +2 long sword (weapon)
 i - a +0 dagger of flaming
 B - the +9 short sword of Reicsule {pierce, Str+4, unknown}
   (You found it on level 5 of the Dungeon)

   It inflicts extra damage upon your enemies.
   It affects your strength (+4).
Armour
 b - a +0 scale mail (worn)
 c - a +3 shield (worn)
 n - a +2 cloak (worn)
Rods
 N - a +0 rod of clouds (10/10)
   (You found it on level 9 of the Dungeon)
Jewellery
 l - an amulet of guardian spirit (around neck)
 w - an uncursed ring of flight
 y - a +1 ring of evasion (left hand)
 F - a +2 ring of dexterity (right hand)
Wands
 k - a wand of digging (11/24)
 m - a wand of acid (0/15)
 o - a wand of flame (20/48)
 p - a wand of acid (3/15)
 C - a wand of flame (20/48)
Scrolls
 e - 2 scrolls of amnesia
 r - a scroll of magic mapping
 t - a scroll of remove curse
 x - a scroll of fog {unknown}
 E - a scroll of teleportation
 G - a scroll of enchant weapon
 I - 2 scrolls of identify
Potions
 d - a potion of might
 s - a potion of flight {unknown}
 v - a potion of haste
 A - 2 potions of agility
 D - a potion of lignification {unknown}
 J - a potion of curing
 L - a potion of berserk rage {unknown}
 M - a potion of magic {unknown}
Books
 g - a book of Misfortune

   Spells                             Type                      Level
   a - Confusing Touch                Hexes                        1
   b - Confuse                        Hexes                        3
   c - Gell's Gravitas                Hexes/Translocation          3
   d - Petrify                        Transmutation/Earth          4
   e - Metabolic Englaciation         Hexes/Ice                    5
   f - Yara's Violent Unravelling     Hexes/Transmutation          5
 H - a book of Minor Magic

   Spells                             Type                      Level
   a - Magic Dart                     Conjuration                  1
   b - Blink                          Translocation                2
   c - Call Imp                       Summoning                    2
   d - Repel Missiles                 Charms/Air                   2
   e - Slow                           Hexes                        2
   f - Conjure Flame                  Conjuration/Fire             3
   g - Mephitic Cloud                 Conjuration/Poison/Air       3
 K - a book of Callings

   Spells                             Type                      Level
   a - Summon Small Mammal            Summoning                    1
   b - Call Imp                       Summoning                    2
   c - Call Canine Familiar           Summoning                    3
   d - Summon Guardian Golem          Hexes/Summoning              3
   e - Summon Lightning Spire         Summoning/Air                4
   f - Summon Ice Beast               Ice/Summoning                4
Comestibles
 f - 9 bread rations
 h - a chunk of flesh
 q - 4 slices of pizza
 u - 3 meat rations


   Skills:
 + Level 8.4 Fighting
 + Level 7.4 Long Blades
 + Level 7.5 Armour
 + Level 7.7 Shields


You had 9 spell levels left.
You didn't know any spells.

Dungeon Overview and Level Annotations

Branches:
Dungeon (9/15)             Temple (1/1) D:4
   Lair: D:8-11         Orc: D:9-12

Altars:
Ashenzari
Cheibriados
Dithmenos
Elyvilon
Fedhas
Gozag
Hepliaklqana
Kikubaaqudgha
Makhleb
Nemelex Xobeh
Okawaru
Qazlal
Ru
Sif Muna
Trog
Uskayaw
Vehumet
Xom
Yredelemnul
Zin
The Shining One

Shops:
D:7 ??}

Annotations:
D:9 Erolcha


Innate Abilities, Weirdness & Mutations

You have sharp toenails.
You are completely covered in yellow scales. (AC +4, rCorr)
A weak demonic guardian rushes to your aid.


Message History

The hornet stings you but does no damage.
The iguana bites you.
* * * LOW HITPOINT WARNING * * *
Okay, then.
You miss the hornet. Your kick misses the hornet.
The hornet is severely wounded.
The hornet stings you but does no damage.
You block the iguana's attack. The hornet closely misses you.
You miss the hornet. Your kick misses the hornet.
The hornet is severely wounded.
You feel yourself speed up. The hornet stings you!
* * * LOW HITPOINT WARNING * * *
You feel yourself slow down.
The iguana bites you but does no damage.
You hit the hornet but do no damage.
The hornet is severely wounded.
The hornet barely misses you. The iguana barely misses you.
The hornet stings you.
You die...

#.≈≈≈≈≈≈≈#≈..# ###.#.......#.
#...+≈>)≈≈≈≈.# #.#.###...#.
#.≈.+≈_8≈#...# #.#.###...#.
#...≈≈≈≈≈≈...## #...........
#...#≈##≈#.≈..#########.........
#...≈≈≈≈≈..............(........
#.≈...≈≈..≈..##########)###...##
#......≈.....##(y5...((.# #...#
#########.#.###@######### #...#
#...# #l# ##.## ##### ###.# #.#
#.# ....########.# #.# #.#
###..........# #.# #.#
##############.# #.#
#######......############.#
#.......####.........YY...#
#.####### #.##############


You could see a hornet, an iguana and a friendly ufetubus.

Vanquished Creatures
  A centaur warrior (D:8)
  The ghost of Sscchhmueptfter the Skirmisher, a novice HuBe of Trog (D:4)
  A troll (D:9)
  2 hippogriffs (D:8)
  The ghost of letownia the Conjurer, an amateur OpWz (D:5)
  Sigmund (D:3)
  A spriggan (D:7)
  3 yaks (D:8)
  Eustachio (D:5)
  A water moccasin (D:8)
  Duvessa (D:4)
  3 sky beasts
  An ice beast (D:8)
  2 necrophages (D:8)
  5 ogres
  An eye of draining (D:8)
  3 phantoms
  A centaur (D:9)
  A big kobold (D:8)
  Blork the orc (D:4)
  4 bullfrogs
  4 killer bees
  A wyvern skeleton (D:6)
  A howler monkey (D:4)
  2 crimson imps (D:5)
  A quasit (D:6)
  3 jellies
  5 orc wizards
  Crazy Yiuf (D:5)
  2 hounds
  A bullfrog skeleton (D:8)
  2 worker ants
  A hound skeleton (D:4)
  5 gnolls (D:2)
  12 adders
  A howler monkey skeleton (D:4)
  2 oozes (D:4)
  2 worms (D:2)
  2 dart slugs (D:2)
  8 leopard geckos
  22 orcs
  3 ball pythons
  7 bats
  4 giant cockroaches
  7 goblins
  10 hobgoblins
  8 jackals
  20 kobolds
  6 quokkas
  9 frilled lizards
  7 rats
195 creatures vanquished.

Vanquished Creatures (collateral kills)
  Menkaure (D:5)
  A hungry ghost (D:7)
  Dowan (D:4)
  A hound zombie (D:9)
  An adder skeleton (D:4)
  2 worms
  An orc (D:4)
  A bat (D:4)
9 creatures vanquished.

Grand Total: 204 creatures vanquished

Notes
Turn   | Place    | Note
-------+----------+-------------------------------------------
     0 | D:1      | Magnus the Demonspawn Fighter began the quest for the Orb.
     0 | D:1      | Reached XP level 1. HP: 18/18 MP: 1/1
    88 | D:1      | Gained mutation: You are partially covered in yellow scales. (AC +2) [demonic ancestry]
    88 | D:1      | Reached XP level 2. HP: 18/24 MP: 2/2
   480 | D:1      | Reached XP level 3. HP: 27/29 MP: 3/3
   761 | D:2      | Reached XP level 4. HP: 26/36 MP: 4/4
  1288 | D:2      | Found an iron altar of Okawaru.
  1829 | D:2      | Gained mutation: You have sharp toenails. [demonic ancestry]
  1829 | D:2      | Reached XP level 5. HP: 42/42 MP: 5/5
  2132 | D:3      | Found a shadowy altar of Dithmenos.
  2132 | D:3      | Found a deep blue altar of Sif Muna.
  2185 | D:3      | Reached skill level 4 in Fighting
  2271 | D:3      | Noticed Sigmund
  2295 | D:3      | Killed Sigmund
  2295 | D:3      | Reached XP level 6. HP: 27/49 MP: 6/6
  2875 | D:4      | Noticed Blork the orc
  2890 | D:4      | Killed Blork the orc
  2890 | D:4      | Gained mutation: A weak demonic guardian rushes to your aid. [demonic ancestry]
  2890 | D:4      | Reached XP level 7. HP: 29/55 MP: 7/7
  3151 | D:4      | Reached skill level 5 in Fighting
  3328 | D:4      | Noticed Sscchhmueptfter's ghost (novice HuBe)
  3345 | D:4      | Noticed Dowan
  3346 | D:4      | Noticed Duvessa
  3635 | D:4      | Killed Sscchhmueptfter's ghost
  3635 | D:4      | Reached skill level 5 in Shields
  3705 | D:4      | Found a staircase to the Ecumenical Temple.
  3712 | D:4      | Gained mutation: You are mostly covered in yellow scales. (AC +3) [demonic ancestry]
  3712 | D:4      | Reached XP level 8. HP: 63/63 MP: 8/8
  3960 | Temple   | Entered the Ecumenical Temple
  4028 | Temple   | Became a worshipper of Makhleb the Destroyer
  4222 | D:4      | Killed Dowan
  4246 | D:4      | Killed Duvessa
  4246 | D:4      | Reached skill level 5 in Armour
  4441 | D:5      | Entered Level 5 of the Dungeon
  4465 | D:5      | Noticed letownia's ghost (amateur OpWz)
  4480 | D:5      | Killed letownia's ghost
  4512 | D:5      | Got a slimy short sword
  4534 | D:5      | Reached skill level 5 in Long Blades
  4652 | D:5      | Noticed Eustachio
  4677 | D:5      | Killed Eustachio
  4677 | D:5      | Reached skill level 6 in Fighting
  4707 | D:5      | Found an ancient bone altar of Kikubaaqudgha.
  4847 | D:5      | Noticed Menkaure
  4859 | D:5      | Killed Menkaure
  5350 | D:5      | Found a runed door.
  5354 | D:5      | Noticed Crazy Yiuf
  5357 | D:5      | Killed Crazy Yiuf
  5398 | D:5      | Reached * piety under Makhleb
  5784 | D:6      | Gained mutation: You are completely covered in yellow scales. (AC +4, rCorr) [demonic ancestry]
  5784 | D:6      | Reached XP level 9. HP: 63/71 MP: 7/9
  6109 | D:7      | Found Poddaky's Magic Scroll Boutique.
  6138 | D:7      | Bought a scroll of enchant armour for 90 gold pieces
  6138 | D:7      | Bought a scroll of enchant armour for 90 gold pieces
  6261 | D:7      | Found Nienoom's Magic Scroll Boutique.
  6354 | D:7      | Found Gaguagac's Gadget Shop.
  6782 | D:7      | Reached skill level 7 in Fighting
  7023 | D:8      | Found a stormy altar of Qazlal.
  7593 | D:8      | Noticed a centaur warrior
  7650 | D:8      | Killed a centaur warrior
  7650 | D:8      | Reached XP level 10. HP: 41/80 MP: 5/10
  7848 | D:8      | Reached skill level 8 in Fighting
  7985 | D:8      | Reached ** piety under Makhleb
  8494 | D:9      | Noticed Erolcha
  8525 | D:9      | Cast into level 2 of the Abyss (Erolcha)
  8578 | Abyss:2  | Noticed a smoke demon
  8581 | Abyss:2  | Noticed a large abomination
  8602 | Abyss:2  | Found a blossoming altar of Fedhas.
  8631 | Abyss:2  | Noticed a green death
  8633 | Abyss:2  | HP: 4/82 [green death/poison arrow (34)]
  8679 | Abyss:2  | Noticed a worldbinder
  8680 | Abyss:2  | Noticed an ironheart preserver
  8697 | Abyss:2  | Noticed an ironheart preserver
  8700 | Abyss:2  | Noticed a spatial maelstrom
  8707 | Abyss:2  | Noticed an ironheart preserver
  8707 | Abyss:2  | Noticed an ironheart preserver
  8720 | Abyss:2  | Noticed a green very ugly thing
  8723 | Abyss:2  | Noticed a green very ugly thing
  8725 | Abyss:2  | Noticed a green very ugly thing
  8725 | Abyss:2  | Noticed a green ugly thing
  8777 | Abyss:2  | Noticed a tentacled starspawn
  8782 | D:9      | Escaped the Abyss
  9644 | D:8      | HP: 2/82 [hornet (5)]
  9648 | D:8      | Slain by a hornet

Skill      XL: |  1  2  3  4  5  6  7  8  9 10 |
---------------+-------------------------------+-----
Long Blades    | 2 3 4 5 6 7 |  7.4
Armour         | 3 4 5 7 |  7.5
Shields        | 3 4 5 6 7 |  7.7
Fighting       | 4 5 6 7 8 |  8.4

Action                   |  1- 3 |  4- 6 |  7- 9 | 10-12 || total
-------------------------+-------+-------+-------+-------++-------
Melee: Long sword        |   123 |   222 |   450 |   180 ||   975
       Kick              |       |    37 |   152 |    69 ||   258
Evoke: Wand              |       |       |     3 |     2 ||     5
  Use: Scroll            |       |     9 |    10 |     3 ||    22
       Potion            |       |       |       |     7 ||     7
 Stab: Distracted        |       |       |     3 |       ||     3
  Eat: Chunk             |       |     7 |    12 |       ||    19
       Beef jerky        |       |       |     2 |       ||     2
       Meat ration       |       |       |       |     2 ||     2
Armor: Scale mail        |    69 |   134 |   231 |    70 ||   504
Dodge: Dodged            |    39 |   105 |   108 |    69 ||   321
Block: Shield            |    61 |   131 |   274 |   155 ||   621
       Rpst.: Long sword |    13 |    35 |    36 |    13 ||    97
